 Dungeon Crawl Stone Soup version 0.16.1-7-g2c6721e (webtiles) character file.

247 jacksonaction the Sneak (level 5, -1/26 HPs)
             Began as a Spriggan Assassin on Mar 29, 2015.
             Killed by divine providence
             ... invoked by an orc priest
              (13 damage)
             ... on level 3 of the Dungeon.
             The game lasted 00:28:25 (4314 turns).

jacksonaction the Sneak (Spriggan Assassin)         Turns: 4314, Time: 00:28:25

Health: -1/26      AC:  3    Str:  8    XL:     5   Next: 85%
Magic:  10/10      EV: 21    Int: 13    God:
Gold:   208        SH:  0    Dex: 17    Spells: 0 memorised, 4 levels left

rFire  . . .     SeeInvis +     o - potion of cure mutation {unknown}
rCold  . . .     Clarity  .     c - +0 robe
rNeg   . . .     SustAb   .     (shield restricted)
rPois  .         Gourm    .     (helmet restricted)
rElec  .         Spirit   .     d - +0 cloak
rCorr  .         Warding  .     (gloves unavailable)
rMut   .         Stasis   .     (boots unavailable)
MR     .....                    (no amulet)
Stlth  ++++......               (no ring)
                                (no ring)

@: very quick, not resistant to hostile enchantments, stealthy
A: unfitting armour, see invisible, herbivore 3, speed 3, slow metabolism 2
a: no special abilities


You were on level 3 of the Dungeon.
You were not hungry.

You visited 1 branch of the dungeon, and saw 3 of its levels.

You collected 208 gold pieces.

Inventory:

Hand weapons
 a - a +2 dagger
 b - a +0 blowgun
 k - a +1 short sword of protection
 p - a +2 dagger of speed
Missiles
 e - 8 poisoned needles
 f - a curare-tipped needle
 j - 3 needles of confusion (quivered)
Armour
 c - a +0 robe (worn)
 d - a +0 cloak (worn)
Jewellery
 t - an uncursed ring of protection from cold {unknown}
Magical devices
 u - a wand of frost (18)
 v - a wand of slowing (40)
 A - a wand of magic darts (25)
Scrolls
 h - 2 scrolls of enchant weapon {unknown}
 i - 2 scrolls of teleportation {unknown}
 m - 2 scrolls of identify {unknown}
 B - 2 scrolls of remove curse {unknown}
Potions
 l - a potion of haste
 n - a potion of ambrosia {unknown}
 o - a potion of cure mutation (in hand) {unknown}
 q - a potion of degeneration {unknown}
 r - a potion of restore abilities {unknown}
Comestibles
 g - 4 bread rations
 s - 5 fruits


   Skills:
 + Level 2.2 Fighting
 + Level 3.1 Short Blades
 - Level 2.1 Throwing
 - Level 6.1 Dodging
 - Level 7.4 Stealth


You had 4 spell levels left.
You didn't know any spells.

Dungeon Overview and Level Annotations

Branches:
Dungeon (3/15)

Altars:
Fedhas
Okawaru


Innate Abilities, Weirdness & Mutations

You are tiny and cannot use many weapons and most armour.
You have supernaturally acute eyesight.
You are a herbivore.
You cover ground extremely quickly.
You need consume almost no food.


Message History

You toss away a needle of confusion.
The needle of confusion closely misses the orc priest.
The orc priest shouts!
Tossing away (i - inventory):
j - 5 needles of confusion (quivered)
Press: ? - help, Shift-Dir - straight line, f/p - orc priest
Aim: an orc priest You toss away a needle of confusion.
The needle of confusion hits the orc priest.
The orc priest invokes the aid of Beogh against you.
Pain shoots through your body!
Ouch! That really hurt!
Tossing away (i - inventory):
j - 4 needles of confusion (quivered)
Press: ? - help, Shift-Dir - straight line, f/p - orc priest
Aim: an orc priest You toss away a needle of confusion.
The needle of confusion completely misses the orc priest.
The orc priest calls down the wrath of Beogh upon you.
Something smites you!
Ouch! That really hurt!
You die...

#.# #.# #.#..........# #.#
#.###o#..#...#...# #o#
#.o...##.##.##.#.#### #.#
########.......#.##.. #.#
#######o..#...##.# ...
..%..........#.##.#
#.################.#.##.#####
.....................()......
#!# #.....@..$.o...##.[####
#.###########..##.)# #)#
##.##..# #.# #.##..# #.#
#.##..# #[# #..#..# #.#
##.#..# #.#############.#..#
#......)...†.......#


You could see an orc priest.

Vanquished Creatures
  Crazy Yiuf (D:2)
  Ijyb (D:2)
  Robin (D:3)
  3 gnolls (D:2)
  9 adders
  A worm (D:3)
  2 giant geckos
  An ooze (D:3)
  3 orcs (D:3)
  3 bats
  A giant cockroach (D:1)
  16 goblins
  10 hobgoblins
  4 jackals (D:1)
  A quokka (D:3)
  A ball python (D:1)
  6 giant newts
  4 kobolds
  5 rats
  2 fungi (D:2)
75 creatures vanquished.

Notes
Turn   | Place    | Note
--------------------------------------------------------------
     0 | D:1      | jacksonaction, the Spriggan Assassin, began the quest for the Orb.
     0 | D:1      | Reached XP level 1. HP: 10/10 MP: 2/2
    21 | D:1      | Reached skill level 6 in Stealth
   291 | D:1      | Reached XP level 2. HP: 14/14 MP: 4/4
  1109 | D:2      | Noticed Ijyb
  1192 | D:2      | Reached skill level 7 in Stealth
  1192 | D:2      | Reached XP level 3. HP: 15/18 MP: 6/6
  1243 | D:2      | Reached XP level 4. HP: 3/23 MP: 8/8
  2011 | D:2      | Killed Ijyb
  2127 | D:2      | Reached XP level 5. HP: 19/26 MP: 10/10
  2669 | D:2      | Noticed Crazy Yiuf
  2675 | D:2      | Killed Crazy Yiuf
  2675 | D:2      | Reached skill level 5 in Dodging
  2763 | D:3      | Noticed Robin
  3429 | D:3      | Killed Robin
  3918 | D:3      | Found an iron altar of Okawaru.
  4044 | D:3      | Found a blossoming altar of Fedhas.
  4314 | D:3      | Killed from afar by an orc priest

Action                   |  1- 3 |  4- 6 || total
-------------------------+-------+-------++-------
Melee: Dagger            |    69 |       ||    69
       Short sword       |    24 |   168 ||   192
 Fire: Blowgun           |    20 |    15 ||    35
 Stab: Sleeping          |     5 |    10 ||    15
       Distracted        |     1 |     3 ||     4
       Confused          |     3 |     1 ||     4
  Eat: Pizza             |       |     1 ||     1
